 Dungeon Crawl Stone Soup version 0.29.0-4-gdea44cf6ec (webtiles) character file.

Game seed: 4479985017746216898

447 qw the Chopper (level 7, -3/40 HPs)
             Began as a Tengu Warper on Aug 28, 2022.
             Slain by a lemure (6 damage)
             ... led by Pikel
             ... on level 4 of the Dungeon.
             The game lasted 00:00:18 (3700 turns).

qw the Chopper (Tengu Warper)                       Turns: 3700, Time: 00:00:19

Health: -3/40      AC: 13    Str: 19    XL:     7   Next: 3%
Magic:  11/11      EV:  7    Int: 13    God:
Gold:   201        SH:  9    Dex: 14    Spells: 10/10 levels left

rFire   . . .      SeeInvis .   Y - +1 hand axe
rCold   + . .      Faith    .   m - +0 kite shield
rNeg    . . .      Spirit   .   e - +0 chain mail
rPois   .          Reflect  .   (helmet restricted)
rElec   .          Harm     .   i - +0 cloak
rCorr   .          Rampage  .   d - +0 pair of gloves
Will    .....                   (boots unavailable)
Stlth   ..........              (no amulet)
HPRegen 0.13/turn               n - ring of protection from cold
MPRegen 0.12/turn               b - +6 ring of strength

@: flying quickly and evasively, quick
A: beak, talons 3, nimble flight, iridescent scales 1
a: no special abilities


You were on level 4 of the Dungeon.
You visited 1 branch of the dungeon, and saw 4 of its levels.

You collected 201 gold pieces.


Innate Abilities, Weirdness & Mutations

You have a beak for a mouth.
You have claws for feet.
Your magical nature lets you fly swiftly and evasively.
You are partially covered in iridescent scales. (AC +2)


   Skills:
 - Level 2.0 Fighting
 + Level 6.1 Axes
 - Level 1.0 Throwing
 - Level 2.3 Armour
 - Level 2.1 Dodging
 - Level 4.0 Shields
 - Level 2.0 Spellcasting
 - Level 2.4 Translocations


You had 10 spell levels left.
You didn't know any spells.
Your spell library contained the following spells:

 Spells                   Type           Power      Damage    Failure   Level
 Blink                    Tloc           14%        N/A       99%         2
 Gell's Gravitas          Tloc           7%         N/A       100%        3
 Lesser Beckoning         Tloc           7%         N/A       100%        3
 Teleport Other           Tloc           7%         N/A       100%        3
 Manifold Assault         Tloc           7%         N/A       100%        5

Inventory:

Hand Weapons
 l - a +0 whip
 Y - a +1 hand axe (weapon)
Missiles
 p - 4 boomerangs (quivered)
Armour
 d - a +0 pair of gloves (worn)
 e - a +0 chain mail (worn)
 h - a +0 plate armour
 i - a +0 cloak (worn)
 m - a +0 kite shield (worn)
Jewellery
 b - a +6 ring of strength (right hand)
 n - a ring of protection from cold (left hand)
Scrolls
 a - a scroll of identify
Potions
 c - a potion of haste
 f - 2 potions of cancellation {unknown}
 g - a potion of mutation
 q - a potion of curing {unknown}

Dungeon Overview and Level Annotations

Branches:
Dungeon (4/15)
 Temple: D:4-7

Altars:
Cheibriados
Dithmenos
Uskayaw

Shops:
D:1 =

Annotations:
D:4 Pikel


Message History

You barely miss the lemure. You claw the lemure.
The lemure is severely wounded.
You closely miss the lemure. You hit the lemure.
The lemure hits you but does no damage. You block the lemure's attack.
The lemure hits you but does no damage.
You hit the lemure. Your kick misses the lemure.
You peck the lemure, but do no damage.
The lemure is severely wounded.
You barely miss the lemure. You hit the lemure.
The lemure hits you but does no damage. The lemure hits you.
The lemure barely misses you.
You barely miss the lemure. Your kick misses the lemure. You peck the lemure.
The lemure is severely wounded.
You barely miss the lemure. You closely miss the lemure.
The lemure hits you but does no damage. You block the lemure's attack.
You closely miss the lemure. Your kick misses the lemure. You peck the lemure.
The lemure is almost dead.
You closely miss the lemure. You barely miss Pikel.
The lemure hits you but does no damage. x2
You hit the lemure.
You kill the lemure!
That felt strangely unrewarding.
You hit the lemure. You closely miss Pikel.
Pikel cracks his whip.
Pikel hits you but does no damage. You block the lemure's attack.
You hit the lemure. You peck the lemure.
The lemure is moderately wounded.
You hit the lemure but do no damage. You closely miss Pikel.
Pikel closely misses you. You block the lemure's attack. The lemure hits you.
You hit the lemure but do no damage. You claw the lemure.
The lemure is heavily wounded.
You closely miss the lemure. You hit Pikel.
Pikel hits you with a +0 whip of freezing.
Pikel freezes you. The lemure barely misses you.
The lemure hits you but does no damage. Pikel barely misses you.
The lemure hits you but does no damage. The lemure barely misses you.
You hit the lemure.
The lemure is heavily wounded.
You hit Pikel but do no damage. You hit the lemure. You block Pikel's attack.
The lemure closely misses you. The lemure hits you.
You die...

...... .# ...... .#
...... .# # ...... .#
.
......########.#.####
.............#.#.....
#####.....#......#
###+#####.....#.$.##.#
..............#.@5#
......../.......5K5#
..............#.#w.#
###....###.####.#....
####.###..###.###.##
#.........##.. ..
####.8.....8..#. #.###
...................
.............##..


You could see Pikel, 3 lemures and a worm.

Vanquished Creatures
  Sigmund (D:3)
  An ogre (D:4)
  A lemure (D:4)
  An orc priest (D:4)
  An iguana (D:4)
  Terence (D:2)
  8 adders
  An ufetubus (D:4)
  4 dart slugs
  4 orcs
  4 endoplasms
  2 giant cockroaches
  5 goblins
  A hobgoblin (D:1)
  2 quokkas
  4 ball pythons
  3 bats
  A frilled lizard (D:2)
  3 kobolds
  4 rats
52 creatures vanquished.

Notes
Turn   | Place    | Note
-------+----------+-------------------------------------------
     0 | D:1      | qw the Tengu Warper began the quest for the Orb.
     0 | D:1      | Reached XP level 1. HP: 12/12 MP: 4/4
     0 | D:1      | 0 ||| qw: Version: 0.1-a-89-g26bdef1
     0 | D:1      | 0 ||| qw: Game counter: 2781
     0 | D:1      | 0 ||| qw: Always use a shield: true
     0 | D:1      | 0 ||| qw: God list: Okawaru
     0 | D:1      | 0 ||| qw: Allow faded altars: false
     0 | D:1      | 0 ||| qw: Do Orc after D:15 true
     0 | D:1      | 0 ||| qw: Do second Lair branch before Depths: true
     0 | D:1      | 0 ||| qw: Lair rune preference: random
     0 | D:1      | 0 ||| qw: Plans: Normal
     0 | D:1      | 0 ||| PLANNING D:1-11
    50 | D:1      | Found a faded altar of an unknown god.
   266 | D:1      | 266 ||| DROPPING +0 club.
   372 | D:1      | Reached skill level 3 in Axes
   372 | D:1      | Reached XP level 2. HP: 17/17 MP: 6/6
   383 | D:1      | Found Iseiroll's Jewellery Shoppe.
   388 | D:1      | 388 ||| SHOPLISTING +4 ring of evasion (468 gold, have 37).
   388 | D:1      | 388 ||| SHOPLISTING +6 ring of dexterity (468 gold, have
                  | 37).
   388 | D:1      | 388 ||| SHOPLISTING ring "Utuzieph" {*Slow rPois rCorr
                  | Str+6 SInv} (569 gold, have 37).
   635 | D:1      | 635 ||| Stepping ~*~*~tactically~*~*~ (stealth).
   894 | D:1      | 894 ||| UPGRADING to +0 chain mail.
   904 | D:1      | 904 ||| DROPPING +0 leather armour.
   905 | D:1      | 905 ||| UPGRADING to +0 cloak.
   910 | D:1      | 910 ||| UPGRADING to +0 kite shield.
   915 | D:1      | 915 ||| UPGRADING to ring of protection from cold.
   916 | D:1      | 916 ||| READING 2 scrolls labelled DOMIBL NEIKAG.
   917 | D:1      | 917 ||| READING scroll labelled WEIXELUWNYI.
   920 | D:1      | 920 ||| READING scroll labelled MAUK QANAORCH.
   921 | D:1      | 921 ||| DRINKING 2 white potions.
   922 | D:1      | 922 ||| DROPPING scroll of blinking.
   923 | D:1      | 923 ||| DROPPING potion of brilliance.
  1152 | D:2      | Reached skill level 1 in Shields
  1152 | D:2      | Reached XP level 3. HP: 10/21 MP: 7/7
  1319 | D:2      | Noticed Terence
  1334 | D:2      | HP: 5/21 [Terence/+0 mace (2)]
  1337 | D:2      | Killed Terence
  1668 | D:2      | Reached XP level 4. HP: 25/26 MP: 8/8
  1991 | D:2      | 1991 ||| DROPPING +6 ring of intelligence.
  1992 | D:2      | 1992 ||| READING scroll labelled FUSHUGONOI.
  1993 | D:2      | 1993 ||| READING scroll labelled SOCRIY QIM UNA.
  1994 | D:2      | 1994 ||| READING scroll labelled TEMOCKEARGH.
  1995 | D:2      | 1995 ||| READING scroll labelled CUJY OXZETU.
  1996 | D:2      | 1996 ||| READING 3 scrolls of identify.
  1996 | D:2      | 1996 ||| IDENTIFYING inky potion
  1997 | D:2      | 1997 ||| READING 2 scrolls of identify.
  1997 | D:2      | 1997 ||| IDENTIFYING silvery potion
  1998 | D:2      | 1998 ||| DROPPING potion of flight.
  2009 | D:3      | Noticed Sigmund
  2024 | D:3      | HP: 5/26 [something (3)]
  2031 | D:3      | Killed Sigmund
  2032 | D:3      | Reached skill level 5 in Axes
  2032 | D:3      | Gained mutation: Your magical nature lets you fly swiftly
                  | and evasively. [Tengu growth]
  2032 | D:3      | Reached XP level 5. HP: 7/30 MP: 9/9
  2032 | D:3      | Reached XP level 6. HP: 8/35 MP: 10/10
  2287 | D:3      | 2287 ||| FLEEEEING.
  2425 | D:3      | 2425 ||| Stepping ~*~*~tactically~*~*~ (stealth).
  2459 | D:3      | Reached skill level 3 in Shields
  2637 | D:3      | Found a hide-covered altar of Uskayaw.
  2647 | D:3      | Found a snail-covered altar of Cheibriados.
  3009 | D:3      | 3009 ||| UPGRADING to +0 pair of gloves.
  3014 | D:3      | 3014 ||| UPGRADING to +6 ring of strength.
  3015 | D:3      | 3015 ||| READING 3 scrolls labelled DITHRI SIUVIY.
  3016 | D:3      | 3016 ||| READING scroll labelled ERATREAXKU.
  3156 | D:3      | 3156 ||| DRINKING 2 emerald potions.
  3156 | D:3      | Gained mutation: You are partially covered in iridescent
                  | scales. (AC +2) [potion of mutation]
  3157 | D:3      | 3157 ||| DRINKING 2 clear potions.
  3158 | D:3      | 3158 ||| READING 2 scrolls of identify.
  3158 | D:3      | 3158 ||| IDENTIFYING grey potion
  3159 | D:3      | 3159 ||| DROPPING potion of attraction.
  3160 | D:3      | 3160 ||| DROPPING 2 scrolls of poison.
  3261 | D:4      | 3261 ||| Stepping ~*~*~tactically~*~*~ (hiding).
  3391 | D:4      | Found a shadowy altar of Dithmenos.
  3397 | D:4      | 3397 ||| Stepping ~*~*~tactically~*~*~ (stealth).
  3402 | D:4      | 3402 ||| Stepping ~*~*~tactically~*~*~ (stealth).
  3403 | D:4      | 3403 ||| Stepping ~*~*~tactically~*~*~ (stealth).
  3411 | D:4      | HP: 5/35 [orc/+0 falchion (5)]
  3412 | D:4      | 3412 ||| READING scroll of teleportation.
  3413 | D:4      | 3413 ||| DRINKING potion of heal wounds.
  3421 | D:4      | Reached skill level 6 in Axes
  3437 | D:4      | Reached XP level 7. HP: 14/40 MP: 11/11
  3690 | D:4      | Noticed Pikel
  3698 | D:4      | HP: 10/40 [lemure[Pikel] (5)]
  3699 | D:4      | HP: 4/40 [Pikel/+0 whip of freezing (6)]
  3700 | D:4      | Slain by a lemure

Levels and vault maps discovered:
D:1:      spicycebolla_green_bress_n_ham, layout_loops_corners,
          ebering_ecumenical_altar_box, serial_shops, nicolae_shop_statue_plus,
          minivault_19
D:2:      layout_basic, minivault_26, chequers_jeans, uniq_terence
D:3:      layout_basic, amethyst_overflow_temple_binary, uniq_sigmund
D:4:      layout_basic, grunt_dithmenos_smoke, vehumet_crystals,
          minmay_temple_entry_wispy, serial_shops, nicolae_shop_crystal,
          st_stairs_1, uniq_pikel

Skill      XL: |  1  2  3  4  5  6  7 |
---------------+----------------------+-----
Axes           | 3 5 6 |  6.1
Shields        | 1 2 3 4 |  4.0
Armour         | 2 |  2.3
Fighting       | |  2.0
Throwing       | |  1.0
Dodging        | |  2.1
Spellcasting   | |  2.0
Translocations | |  2.4

Action                   |  1- 3 |  4- 6 |  7- 9 || total
-------------------------+-------+-------+-------++-------
Melee: Hand axe          |    66 |    75 |    23 ||   164
       Kick              |    22 |    19 |     4 ||    45
       Peck              |     6 |    10 |     7 ||    23
Throw: Boomerang         |     7 |    10 |     5 ||    22
  Use: Scroll            |     3 |    10 |       ||    13
       Potion            |     1 |     3 |       ||     4
Armor: Leather armour    |     8 |       |       ||     8
       Chain mail        |    23 |    37 |    23 ||    83
Dodge: Dodged            |    26 |    10 |    14 ||    50
Block: Kite shield       |    16 |    20 |    12 ||    48

Table legend:
 A = Non-vault XP
 B = Vault XP
 C = Vault XP percentage of total XP
 D = Non-vault monster count
 E = Vault monster count
 F = Vault count percentage of total count
                 A         B        C        D         E       F
            +---------+---------+-------+---------+---------+-------
      Total |     348 |     291 |  45.5 |      47 |       4 |   7.8
            +---------+---------+-------+---------+---------+-------
        D:1 |      15 |       0 |   0.0 |       9 |       0 |   0.0
        D:2 |      57 |      36 |  38.7 |      13 |       1 |   7.1
        D:3 |      76 |     214 |  73.8 |      15 |       1 |   6.2
        D:4 |     200 |      41 |  17.0 |      10 |       2 |  16.7
            +---------+---------+-------+---------+---------+-------
